 Dungeon Crawl Stone Soup version 0.32-a0-994-gabb26cbae4 (webtiles) character file.

Game seed: 15134272912874097317

32166 P0WERM0DE the Fighter (level 13, -1/109 HPs)
             Began as a Coglin Chaos Knight on Apr 22, 2024.
             Was an Elder of Cheibriados.
             Killed from afar by an efreet (27 damage)
             ... with a bolt of fire
             ... on level 11 of the Dungeon.
             The game lasted 00:22:24 (8402 turns).

P0WERM0DE the Fighter (Coglin Chaos Knight)         Turns: 8402, Time: 00:22:25

Health: -1/109     AC: 37    Str: 22    XL:     13   Next: 62%
Magic:  14/19      EV:  6    Int: 29    God:    Cheibriados [****..]
Gold:   45         SH:  0    Dex: 24    Spells: 12/12 levels left

rFire   . . .        a - +6 flail (drain) {Akal}
rCold   . . .        N - +2 whip (elec) {Iwao}
rNeg    . . .        g - +15 plate armour of Pathos {Dex+2}
rPois   .            i - +0 helmet
rElec   .            n - +2 cloak
rCorr   .            E - +1 pair of gloves of Ladost {Int+3 SInv}
SInv    +            u - +0 pair of boots
Will    +....        (amulet unavailable) Stlth
                     (ring unavailable)
HPRegen 0.38/turn    (ring unavailable)
MPRegen 0.16/turn    (no gizmo)

%: no passive effects
@: revved, very slow
A: off-hand wielding, slow wielding, warmup strikes, no jewellery, strong-willed
1, MP-powered wands
a: Invent Gizmo, Renounce Religion, Bend Time, Temporal Distortion, Slouch


You were on level 11 of the Dungeon.
You worshipped Cheibriados.
Cheibriados was greatly pleased with you.
You visited 3 branches of the dungeon, and saw 16 of its levels.
You also visited: Bailey.

You collected 1057 gold pieces.
You spent 1012 gold pieces at shops.

Inventory:

Hand Weapons
 a - a +6 flail of draining (weapon) {Akal}
   (You took it off Edmund on level 4 of the Dungeon)
 s - a +0 hand axe of chaos {Suthep}
 A - a +7 short sword {Mizue}
   (You took it off a wight on level 7 of the Dungeon)
 C - a +4 battleaxe
   (You took it off a wight on level 7 of the Dungeon)
 G - a +2 heavy hand axe {Amala}
   (You took it off a wight on level 7 of the Dungeon)
 K - a +3 war axe
   (You took it off an orc knight on level 2 of the Orcish Mines)
 L - a +2 war axe of flaming
   (You took it off an orc warlord on level 2 of the Orcish Mines)
 N - a +2 whip of electrocution (offhand) {Iwao}
   (You took it off an orc priest on level 2 of the Orcish Mines)
Missiles
 H - a curare-tipped dart (quivered)
Armour
 e - a +0 hat
   (You found it on level 4 of the Dungeon)
 g - the +15 plate armour of Pathos (worn) {Dex+2}
   (Xom gifted it to you on level 4 of the Dungeon)

   Dex+2:     It affects your dexterity (+2).
 i - a +0 helmet (worn)
   (You found it on level 1 of the Dungeon)
 n - a +2 cloak (worn)
   (You found it on level 2 of the Dungeon)
 u - a +0 pair of boots (worn)
   (You found it on level 3 of the Dungeon)
 E - the +1 pair of gloves of Ladost (worn) {Int+3 SInv}
   (You found it on level 5 of the Dungeon)

   Int+3:     It affects your intelligence (+3).
   SInv:      It lets you see invisible.
 M - a +0 troll leather armour
   (You found it on level 11 of the Dungeon)
Talismans
 l - a maw talisman
   (You found it on level 5 of the Dungeon)
Wands
 f - a wand of light (3)
   (You found it on level 6 of the Dungeon)
 v - a wand of digging (1)
   (You found it on level 5 of the Dungeon)
 y - a wand of warping (5)
   (You took it off Pikel on level 6 of the Dungeon)
 P - a wand of paralysis (5)
   (You found it on level 11 of the Dungeon)
 Q - a wand of flame (10)
   (You found it on level 11 of the Dungeon)
Scrolls
 c - a scroll of butterflies
 k - a scroll of fog
 m - 3 scrolls of torment
 o - a scroll of enchant weapon
 p - 2 scrolls of summoning
 r - a scroll of identify
 t - 3 scrolls of teleportation
 x - 3 scrolls of revelation
 z - 2 scrolls of blinking
 B - 2 scrolls of noise
 J - 3 scrolls of brand weapon
 O - a scroll of amnesia
Potions
 b - a potion of brilliance
 d - 3 potions of might
 h - 3 potions of haste
 j - 3 potions of lignification
 q - 6 potions of curing
 w - a potion of heal wounds
 D - a potion of ambrosia
 F - a potion of mutation
 I - 2 potions of berserk rage


   Skills:
 * Level 12.9 Fighting
 * Level 12.9 Axes
 - Level 8.0 Armour
 - Level 0.8 Dodging
 - Level 8.0 Invocations
 - Level 10.0 Evocations


You had 12 spell levels left.
You didn't know any spells.
Your spell library contained the following spells:

 Spells                   Type           Power      Damage    Failure   Level
 Magic Dart               Conj           0%         1d3       85%         1
 Call Imp                 Summ           0%         N/A       94%         2
 Mercury Vapours          Alch/Air       0%         N/A       94%         2
 Searing Ray              Conj           0%         2d4       94%         2
 Sublimation of Blood     Necr           0%         N/A       94%         2
 Mephitic Cloud           Conj/Alch/Air  0%         N/A       99%         3
 Summon Ice Beast         Ice/Summ       0%         N/A       99%         3
 Anguish                  Hex/Necr       0%         N/A       100%        4
 Fulminant Prism          Conj/Alch      0%         3d5       100%        4
 Martyr's Knell           Necr/Summ      0%         N/A       100%        4
 Summon Blazeheart Golem  Fire/Summ      0%         N/A       100%        4
 Freezing Cloud           Conj/Ice/Air   0%         6-21      100%        5
 Orb of Destruction       Conj           0%         9d5       100%        7
 Spellforged Servitor     Conj/Summ      0%         N/A       100%        7
 Summon Hydra             Summ           0%         N/A       100%        7


Dungeon Overview and Level Annotations

Branches:
Dungeon (13/15)            Temple (1/1) D:5            Lair (0/5) D:11
    Orc (2/2) D:11            Elf (0/3) Orc:2        Bailey (visited)
 Vaults: D:13-14

Altars:
Ashenzari
Cheibriados
Dithmenos
Elyvilon
Gozag
Kikubaaqudgha
Makhleb
Nemelex Xobeh
Okawaru
Qazlal
Sif Muna
Trog
Vehumet
Wu Jian
Xom
Yredelemnul

Shops:
D:4 ?   D:5 :   D:9 !:   Orc:1 *   Orc:2 *![?

Portals:
Abyss: D:12
Trove: D:10 (give +7 demon trident)

Annotations:
D:12 1 transporter, Satuseaff's ghost, journeyman SpAl
Orc:2 3 runed translucent doors, P0WERM0DE's ghost, journeyman CoCK


Innate Abilities, Weirdness & Mutations

You can wield a second weapon in your off-hand.
It takes a long time for you to wield or remove held weapons.
Your first few attacks do less damage.
You cannot equip rings or amulets.
You are strong-willed. (Will+)
You expend magic power (3 MP) to strengthen your wands.


Message History

The troll is heavily wounded.
You bludgeon the troll with your +6 flail of draining!!
You kill the troll!
Cheibriados appreciates the change of pace.
The yaktaur captain is no longer blind.
You completely miss the cyclops with your +6 flail of draining.
The cyclops is moderately wounded.
You hit the cyclops but do no damage. The efreet gestures at you.
The bolt of fire hits the cyclops!!
The bolt of fire hits you!!
You thump the cyclops with your +6 flail of draining!
You kill the cyclops!
Aiming: Bolt of Light
Press: ? - help, Shift-Dir - straight line, f - yaktaur captain
Aim: a yaktaur captain, wielding a +0 arbalest (moderately wounded, 92% to hit)
You feel a surge of power!
The bolt of light hits the yaktaur captain!!
The yaktaur captain is heavily wounded.
The yaktaur captain is blinded.
The yaktaur captain shoots a bolt.
The bolt hits you!!
* * * LOW HITPOINT WARNING * * *
Found a potion of curing, 8 stones and 18 gold pieces.
The efreet hits you with a +4 scimitar of flaming!
* * * LOW HITPOINT WARNING * * *
The efreet burns you.
* * * LOW HITPOINT WARNING * * *
The yaktaur captain shoots a bolt.
The bolt hits you but does no damage.
There is an open door, spattered with blood here.
Things that are here:
6 large rocks; a cyclops corpse You feel much better.
The efreet hits you but does no damage.
The yaktaur captain shoots a bolt.
The bolt completely misses you.
You sock the yaktaur captain with your +6 flail of draining!
The yaktaur captain is severely wounded.
You hit the yaktaur captain with your +2 whip of electrocution.
The efreet is no longer blind.
The efreet gestures at you. The bolt of fire hits you!!
You die...
Cheibriados appreciates the motionlessness of death.

#..............#.###.#..##.
#...........####.# #.....>.
#...........# #.# ####.###
#...........# #.## #.##
##...~~####~~~####~# #.>#
#~~~~~##..##~##..### #.##
##~#####....#ß#....# #.###
##.## $##..°R###....###
#.... ##.##
!''.).c@.'....).########
##.##
(##...†###....#)........
##.## #.... #....#####.####
#.## ##..# ##..## #.# .##
### #### #.# # #.# ..# ###


You could see a yaktaur captain (blind, unable to see you) and an efreet.

Vanquished Creatures
  An orc warlord (Orc:2)
  A centaur warrior (D:11)
  3 two-headed ogres
  5 orc high priests (Orc:2)
  Pikel (D:6)
  11 orc knights (Orc:2)
  2 cyclopes (D:11)
  2 orc sorcerers (Orc:2)
  An ugly thing (D:11)
  2 manticores (D:11)
  Joseph (D:8)
  2 kobold blastminers (Orc:2)
  A gargoyle (D:12)
  A cane toad (Orc:2)
  A komodo dragon (D:12)
  Psyche (D:8)
  8 trolls
  Grinder (D:5)
  6 slime creatures (D:12)
  5 spriggans (Bailey)
  Eustachio (D:4)
  Sigmund (D:2)
  A wraith (D:9)
  A warg (Orc:1)
  15 yaks
  Grum (D:8)
  3 steam dragons
  Menkaure (D:6)
  Edmund (D:4)
  A water moccasin (D:8)
  Duvessa (D:4)
  32 orc warriors
  3 ice beasts
  A black bear (D:7)
  3 centaurs
  3 wolves (D:8)
  14 ogres
  3 lemures (D:6)
  2 phantoms
  Blork the orc (D:5)
  3 kobold brigands
  3 bullfrogs
  A scorpion (D:5)
  2 gnoll sergeants (D:11)
  Dowan (D:4)
  14 wights (D:7)
  13 killer bees
  A hound (D:7)
  2 jellies (D:6)
  30 orc priests
  5 iguanas
  12 orc wizards
  3 gnolls (D:11)
  5 adders
  3 shadow imps
  2 ufetubi (D:6)
  2 dart slugs
  3 ribbon worms
  70 orcs
  4 endoplasms
  5 giant cockroaches
  11 goblins
  4 hobgoblins
  16 kobolds
  9 ball pythons
  6 bats
  3 rats
  A spectral weapon (Bailey)
379 creatures vanquished.

Vanquished Creatures (collateral kills)
  An orc wizard (D:5)
1 creature vanquished.

Vanquished Creatures (others)
  Erica (D:10)
  A howler monkey (D:11)
2 creatures vanquished.

Grand Total: 382 creatures vanquished

Notes
Turn   | Place    | Note
-------+----------+-------------------------------------------
     0 | D:1      | P0WERM0DE the Coglin Chaos Knight began the quest for the
                  | Orb.
     0 | D:1      | Reached XP level 1. HP: 18/18 MP: 1/1
    32 | D:1      | XOM: divination: magic mapping
    34 | D:1      | XOM: silly message
   236 | D:1      | Reached XP level 2. HP: 24/24 MP: 2/2
   552 | D:1      | XOM: divination: detect creatures
   569 | D:1      | Reached XP level 3. HP: 29/29 MP: 3/3
  1155 | D:2      | XOM: silly message
  1708 | D:2      | Noticed Sigmund
  1721 | D:2      | Killed Sigmund
  1722 | D:2      | Reached XP level 4. HP: 25/38 MP: 4/4
  1722 | D:2      | Reached XP level 5. HP: 28/43 MP: 5/5
  1909 | D:3      | Noticed a phantom
  1911 | D:3      | XOM: potion effect (invisibility)
  1919 | D:3      | Killed a phantom
  1920 | D:3      | Reached skill level 5 in Fighting
  1920 | D:3      | Reached skill level 5 in Axes
  1920 | D:3      | Reached XP level 6. HP: 47/51 MP: 6/6
  2088 | D:3      | XOM: divination: detect items
  2172 | D:3      | Found an opulent altar of Gozag.
  2282 | D:3      | Gained mutation: You expend magic power (3 MP) to
                  | strengthen your wands. [potion of mutation]
  2282 | D:3      | Gained mutation: You are strong-willed. (Will+) [potion of
                  | mutation]
  2363 | D:4      | Identified the +15 plate armour of Pathos {Dex+2} (Xom
                  | gifted it to you on level 4 of the Dungeon)
  2363 | D:4      | XOM: god gift: +15 plate armour of Pathos {Dex+2}
  2424 | D:4      | Found Lofehad's Magic Scroll Shoppe.
  2435 | D:4      | Bought a scroll of identify for 22 gold pieces
  2435 | D:4      | Bought a scroll of enchant weapon for 82 gold pieces
  2435 | D:4      | Bought a scroll of identify for 22 gold pieces
  2444 | D:5      | Entered Level 5 of the Dungeon
  2444 | D:5      | Noticed Blork the orc
  2445 | D:5      | XOM: summons friendly crimson imp
  2461 | D:5      | Killed Blork the orc
  2462 | D:5      | Reached XP level 7. HP: 46/57 MP: 7/7
  2514 | D:4      | Bought a scroll of blinking for 82 gold pieces
  2537 | D:5      | Found a staircase to the Ecumenical Temple.
  2548 | Temple   | Entered the Ecumenical Temple
  2560 | Temple   | Fell from the grace of Xom
  2560 | Temple   | Became a worshipper of Cheibriados the Contemplative
  2669 | D:4      | Found an ornate altar of the Wu Jian Council.
  2851 | D:4      | Noticed Eustachio
  2865 | D:4      | Killed Eustachio
  2878 | D:4      | Noticed Dowan
  2897 | D:4      | Found a basalt altar of Yredelemnul.
  2938 | D:4      | Found a shimmering altar of Xom.
  2944 | D:4      | Noticed Edmund
  2946 | D:4      | Noticed Duvessa
  2962 | D:4      | Killed Duvessa
  2966 | D:4      | Killed Edmund
  2967 | D:4      | Reached XP level 8. HP: 41/58 MP: 8/8
  2978 | D:4      | Killed Dowan
  3101 | D:4      | XOM: summons 14 hostile demons
  3102 | D:4      | Noticed a ynoxinul
  3102 | D:4      | Noticed an ice devil
  3276 | D:5      | Found Miocra's Book Shop.
  3278 | D:5      | XOM: god gift: 17 gold pieces
  3298 | D:4      | XOM: god gift: long sword {god gift}
  3372 | D:6      | Reached * piety under Cheibriados
  3429 | D:6      | Noticed Pikel
  3460 | D:6      | Killed Pikel
  3461 | D:6      | Reached skill level 5 in Armour
  3461 | D:6      | Reached XP level 9. HP: 59/73 MP: 9/9
  3700 | D:6      | Noticed Menkaure
  3704 | D:6      | Killed Menkaure
  3867 | D:7      | Reached ** piety under Cheibriados
  3871 | D:7      | Reached skill level 1 in Evocations
  3942 | D:7      | Reached skill level 1 in Invocations
  4040 | D:5      | Noticed Grinder
  4047 | D:5      | Killed Grinder
  4073 | D:5      | Identified the +1 pair of gloves of Ladost {Int+3 SInv}
  4353 | D:7      | Reached XP level 10. HP: 76/82 MP: 11/11
  4407 | D:7      | Reached *** piety under Cheibriados
  4472 | D:8      | Noticed Psyche
  4476 | D:8      | Killed Psyche
  4482 | D:8      | XOM: 1-stop teleportation journey
  4534 | D:8      | Noticed Joseph
  4546 | D:8      | Killed Joseph
  4547 | D:8      | Reached skill level 5 in Evocations
  4624 | D:8      | Got the Vellum of United Execration
  4651 | D:8      | Noticed Grum
  4666 | D:8      | HP: 3/83 [Grum/+0 glaive (15)]
  4668 | D:8      | Killed Grum
  4668 | D:8      | Reached **** piety under Cheibriados
  4972 | D:10     | Entered Level 10 of the Dungeon
  4982 | D:10     | Reached XP level 11. HP: 54/89 MP: 13/13
  4982 | D:10     | XOM: silly message
  5010 | D:10     | Noticed Erica
  5019 | D:10     | Killed Erica
  5044 | D:10     | Found a flagged portal.
  5050 | Bailey   | Entered a bailey
  5247 | Bailey   | Noticed a two-headed ogre
  5255 | Bailey   | Killed a two-headed ogre
  5351 | D:10     | Found a portal to a secret trove of treasure.
  5514 | D:10     | XOM: 1-stop teleportation journey
  5536 | D:9      | Found Meorhuc's Book Boutique.
  5545 | D:9      | Reached skill level 10 in Fighting
  5548 | D:9      | Reached skill level 10 in Axes
  5600 | D:9      | XOM: silly message
  5735 | D:9      | Found Tacecumn's Distillery.
  5743 | D:9      | Bought a potion of heal wounds for 85 gold pieces
  5743 | D:9      | Bought a potion of curing for 51 gold pieces
  5896 | D:11     | Noticed a manticore
  5903 | D:11     | Killed a manticore
  5909 | D:11     | Found a staircase to the Orcish Mines.
  5943 | D:11     | Reached skill level 5 in Invocations
  6070 | D:11     | Reached ***** piety under Cheibriados
  6182 | D:11     | Noticed a cyclops
  6189 | D:11     | Killed a cyclops
  6219 | D:12     | Reached XP level 12. HP: 82/98 MP: 16/16
  6334 | D:12     | Found a transporter.
  6343 | D:12     | Found a one-way gate to the infinite horrors of the Abyss.
  6343 | D:12     | Noticed Satuseaff's ghost (journeyman SpAl)
  6347 | D:12     | Noticed a cyan very ugly thing
  6348 | D:12     | Noticed a rakshasa
  6535 | Orc:1    | Entered Level 1 of the Orcish Mines
  6535 | Orc:1    | Found Tubbequc's Assorted Antiques.
  6541 | Orc:1    | Bought a potion of heal wounds for 140 gold pieces
  6590 | Orc:2    | Entered Level 2 of the Orcish Mines
  6592 | Orc:2    | XOM: polymorph ogre -> cane toad
  6864 | Orc:2    | Noticed a soul eater
  7049 | Orc:2    | Noticed an orc high priest
  7049 | Orc:2    | XOM: 4-stop teleportation journey
  7050 | Orc:2    | Noticed an orc high priest
  7051 | Orc:2    | Noticed an orc high priest
  7052 | Orc:2    | Noticed an orc high priest
  7053 | Orc:2    | Killed an orc high priest
  7053 | Orc:2    | Killed an orc high priest
  7054 | Orc:2    | Reached skill level 10 in Evocations
  7056 | Orc:2    | Killed an orc high priest
  7056 | Orc:2    | Noticed an orc high priest
  7061 | Orc:2    | Killed an orc high priest
  7068 | Orc:2    | Reached XP level 13. HP: 47/107 MP: 10/18
  7093 | Orc:2    | XOM: silly message
  7351 | Orc:2    | Paralysed by an orc sorcerer for 3 turns
  7357 | Orc:2    | Paralysed by an orc sorcerer for 2 turns
  7564 | Orc:2    | Found a staircase to the Elven Halls.
  7567 | Orc:2    | Noticed an orc warlord
  7574 | Orc:2    | Killed an orc warlord
  7716 | Orc:2    | Found Wyhacwom's Magic Scroll Shoppe.
  7716 | Orc:2    | Found Ithrorue's Assorted Antiques.
  7717 | Orc:2    | Found Loinoti's Armour Emporium.
  7717 | Orc:2    | Found Vidacw's Distillery.
  7727 | Orc:2    | Bought a potion of heal wounds for 90 gold pieces
  7728 | Orc:2    | Bought a blue potion for 22 gold pieces
  7732 | Orc:2    | Bought a scroll of identify for 34 gold pieces
  7732 | Orc:2    | Bought a scroll of identify for 34 gold pieces
  7732 | Orc:2    | Bought a scroll of teleportation for 51 gold pieces
  7732 | Orc:2    | Bought a scroll of blinking for 127 gold pieces
  7732 | Orc:2    | Bought a scroll of teleportation for 51 gold pieces
  7732 | Orc:2    | Bought a scroll of teleportation for 51 gold pieces
  7732 | Orc:2    | Bought a scroll of amnesia for 68 gold pieces
  7768 | Orc:2    | XOM: noise
  7795 | Orc:2    | Found a runed translucent gate.
  7795 | Orc:2    | Identified the +4 battleaxe "Senteirph" {spect, +Blink
                  | Int+2}
  7795 | Orc:2    | Noticed P0WERM0DE's ghost (journeyman CoCK)
  7796 | Orc:2    | Found a runed translucent gate.
  7796 | Orc:2    | Found a runed translucent gate.
  7962 | D:9      | XOM: noise
  8020 | D:9      | XOM: cloud trail
  8239 | D:11     | Found a staircase to the Lair.
  8348 | D:11     | Found a runed translucent door.
  8388 | D:11     | Noticed a yaktaur captain
  8400 | D:11     | HP: 3/109 [efreet/+4 scimitar of flaming (9)]
  8400 | D:11     | HP: 1/109 [efreet/+4 scimitar of flaming (2)]
  8402 | D:11     | Killed from afar by an efreet

Illustrated notes

Levels and vault maps discovered:
D:1:      amcnicky_arrival_underground_garden, layout_loops_ring,
          minmay_misc_feat_nine_boxes, serial_bayou_pond_c,
          ebering_dispersal_statue_hall
D:2:      layout_loops_corners, uniq_sigmund
D:3:      corexii_shack_village, layout_loops_ring,
          nicolae_gozag_cash_rules_everything_around_me, minmay_joined_circles
D:4:      layout_basic, mainiacjoe_overflow_catwalk, nzn_wu_jian_contemplation,
          mainiacjoe_overflow_surrounded_room, marbit_many_paths, serial_shops,
          shop, chequers_serial_rivers_small_b, uniq_eustachio, uniq_edmund,
          uniq_duvessa
D:5:      layout_cave_pods, minmay_temple_entry_waves, nicolae_stop_n_shop_2,
          uniq_blork_the_orc, uniq_grinder
D:6:      layout_rooms, grunt_temple_overflow_open,
          nicolae_houndstooth_variations, uniq_menkaure, uniq_pikel
D:7:      layout_loops_corners, grunt_ministairs_9
D:8:      layout_gridville, uniq_joseph, uniq_grum, uniq_jeremiah, uniq_psyche
D:9:      layout_grid_maze, serial_shops, shop, nicolae_shop_tiny_waterfront
D:10:     layout_loops_corners, enter_bailey_3, nicolae_trove_entry_crystal,
          patterned_corridor, uniq_erica
D:11:     layout_basic, lair_entry_dummy,
          kennysheep_orc_monster_closet_entryway, lightli_airlock
D:12:     layout_roguey, gammafunk_ghost_abyssal_escape,
          bh_hangedman_babel_library, uniq_lodul
D:13:     layout_small_grid, minivault_7
Temple:   nicolae_temple_hex_pool
Orc:1:    layout_diamond_mine, serial_shops, shop
Orc:2:    st_orc_pillars, layout_diamond_mine, gammafunk_ghost_fury_of_okawaru

Skill      XL: |  1  2  3  4  5  6  7  8  9 10 11 12 13 |
---------------+----------------------------------------+-----
Fighting       | 4 5 6 7 8 9 10 11 12 | 12.9
Axes           | 4 5 6 7 8 9 10 11 12 | 12.9
Armour         | 2 3 5 6 7 8 |  8.0
Evocations     | 3 6 8 10 | 10.0
Invocations    | 2 3 5 7 8 |  8.0
Dodging        | |  0.8

Action                     |  1- 3 |  4- 6 |  7- 9 | 10-12 | 13-15 || total
---------------------------+-------+-------+-------+-------+-------++-------
  Melee: Hand axe          |    68 |    64 |     3 |       |       ||   135
         Dagger            |    58 |    55 |   145 |       |       ||   258
         Short sword       |       |       |    82 |   270 |       ||   352
         Flail             |       |       |   162 |   315 |   141 ||   618
         Whip              |       |       |    83 |    25 |   130 ||   238
  Throw: Dart              |       |       |       |     5 |       ||     5
 Invoke: Slouch            |       |       |       |     8 |     5 ||    13
         Temporal Distorti |       |       |       |     3 |     1 ||     4
  Evoke: Wand              |       |       |       |    13 |    13 ||    26
    Use: Scroll            |       |     5 |     6 |     7 |     5 ||    23
         Potion            |       |     7 |     3 |     6 |     3 ||    19
   Stab: Sleeping          |     1 |     1 |       |       |       ||     2
         Invisible         |       |     1 |       |     5 |     5 ||    11
 Armour: Leather armour    |    44 |    25 |       |       |       ||    69
         Plate armour      |       |    28 |   298 |   562 |   148 ||  1036
         Skin              |       |       |    32 |       |       ||    32
  Dodge: Dodged            |    37 |    20 |    53 |   153 |    41 ||   304

Table legend: (Time is in decaauts)
 A = Elapsed time spent in this place.
 B = Non-inter-level travel time spent in this place.
 C = Inter-level travel time spent in this place.
 D = Time resting spent in this place.
 E = Time spent auto-exploring this place.
 F = Levels seen in this place.
 G = Mean time per level.
                   A        B        C        D        E       F      G
               +--------+--------+--------+--------+--------+-----+--------+
         Total |  10598 |   9527 |   1071 |    642 |   3676 |  17 |  623.4 |
       Dungeon |   8564 |   7744 |    820 |     82 |   3528 |  13 |  658.8 |
        Temple |     27 |     13 |     14 |      0 |      0 |   1 |   27.0 |
  Orcish Mines |   1641 |   1405 |    236 |    560 |      0 |   2 |  820.5 |
        Bailey |    365 |    365 |      0 |      0 |    147 |   1 |  365.0 |
               +--------+--------+--------+--------+--------+-----+--------+

Top non-repeatable levels by time:
   Orc:2: 1231 daAuts
    D:11: 1171 daAuts
     D:9: 1089 daAuts
     D:2: 1013 daAuts
     D:1: 865 daAuts
     D:4: 826 daAuts
     D:7: 747 daAuts
     D:6: 628 daAuts
    D:10: 531 daAuts
     D:5: 463 daAuts
     D:3: 450 daAuts
   Orc:1: 410 daAuts
    D:12: 407 daAuts
  Bailey: 365 daAuts
     D:8: 315 daAuts
